 Dungeon Crawl Stone Soup version 0.15.1-1-gfacfea3 (webtiles) character file.

1735 CrazyArbalest the Nimble (level 8, -3/40 HPs)
             Began as a Spriggan Enchanter on Sept 20, 2014.
             Was a Believer of Dithmenos.
             Slain by a wight
             ... wielding a +0 dagger
              (9 damage)
             ... on Level 7 of the Dungeon.
             The game lasted 00:46:55 (7577 turns).

CrazyArbalest the Nimble (Spriggan Enchanter)       Turns: 7577, Time: 00:46:56

HP  -3/40        AC  2     Str  5      XL: 8   Next: 76%
MP  21/21        EV 24     Int 17      God: Dithmenos [**....]
Gold 407         SH  0     Dex 15      Spells:  4 memorised,  4 levels left

rFire  . . .     SeeInvis +     c - +0 cutlass
rCold  . . .     Clarity  .     b - +1 robe
rNeg   . . .     rCorr    .     (shield restricted)
rPois  .         rRot     .     (helmet restricted)
rElec  .         Spirit   .     (no cloak)
SustAb .         Warding  .     (gloves unavailable)
rMut   .         Stasis   .     (boots unavailable)
Gourm  .                        (no amulet)
MR     +....                    (no ring)
                                r - ring of flight

@: wreathed by umbra, drained, very quick, somewhat resistant to hostile
enchantments, very stealthy
A: unfitting armour, see invisible, clumsy 1, deformed body, herbivore 3, speed
3, slow metabolism 2, spit poison 1
a: Spit Poison, Shadow Step, Renounce Religion, Evoke Flight


You were on level 7 of the Dungeon.
You worshipped Dithmenos.
Dithmenos was pleased with you.
You were not hungry.

You visited 2 branches of the dungeon, and saw 8 of its levels.
You also visited: Sewer.

You collected 407 gold pieces.

Inventory:

Hand weapons
 a - a +0 dagger of venom
 c - a +0 cutlass (weapon)
 A - a +1 dagger
 I - a +0 dagger of protection
Missiles
 f - 74 bolts
Armour
 b - a +1 robe (worn)
Comestibles
 h - 3 bread rations
 n - 2 fruits
 t - a royal jelly
Scrolls
 e - a scroll of random uselessness {unknown}
 k - 3 scrolls of teleportation {unknown}
 l - 4 scrolls of identify {unknown}
 o - 2 scrolls of remove curse {unknown}
 q - a scroll of enchant weapon {unknown}
 w - 3 scrolls of recharging {unknown}
 y - a scroll of magic mapping {unknown}
 B - 3 scrolls of noise {unknown}
 C - a scroll of immolation {unknown}
 D - 2 scrolls of enchant armour {unknown}
Jewellery
 r - a ring of flight (left hand)
Potions
 d - a potion of porridge
 g - 2 potions of brilliance {unknown}
 i - 2 potions of heal wounds
 j - 3 potions of mutation
 m - 2 potions of restore abilities {unknown}
 p - a potion of magic {unknown}
 s - 2 potions of curing {unknown}
 u - a potion of cure mutation {unknown}
 v - a potion of haste {unknown}
 x - a potion of might {unknown}
 z - 3 potions of resistance {unknown}
 F - 3 potions of agility {unknown}
 G - a potion of flight {unknown}
 H - a potion of lignification {unknown}
Books
 E - a book of Maledictions

   Spells                             Type                      Level
   *Corona                            Hexes                        1
   *Sure Blade                        Hexes/Charms                 2
   Ensorcelled Hibernation            Hexes/Ice                    2
   *Confuse                           Hexes                        3
   *Dazzling Spray                    Conjuration/Hexes            3
   Enslavement                        Hexes                        4


   Skills:
 + Level 3.1(2.4) Fighting
 + Level 4.6(4.0) Short Blades
 + Level 10.8(10.0) Dodging
 + Level 9.3(8.5) Stealth
 + Level 3.2(2.6) Spellcasting
 + Level 4.7(4.1) Hexes
 + Level 0.4(0.0) Evocations


You had 4 spell levels left.
You knew the following spells:

 Your Spells              Type           Power        Failure   Level  Hunger
a - Corona                Hex            ###....      3%          1    #......
b - Confuse               Hex            ###.....     12%         3    ###....
c - Sure Blade            Hex/Chrm       #.........   14%         2    ##.....
d - Dazzling Spray        Conj/Hex       #.......     24%         3    ###....


Dungeon Overview and Level Annotations

Branches:
Dungeon (7/15)             Temple (1/1) D:4

Altars:
Ashenzari
Cheibriados
Dithmenos
Elyvilon
Fedhas
Kikubaaqudgha
Makhleb
Nemelex Xobeh
Okawaru
Qazlal
Sif Muna
Trog
Vehumet
Xom
Yredelemnul
Zin
The Shining One

Shops:
D:4 %

Annotations:
D:4 Prince Ribbit; bullock's ghost, average DEWz


Innate Abilities, Weirdness & Mutations

You are tiny and cannot use many weapons and most armour.
You have supernaturally acute eyesight.
You are a herbivore.
You cover ground extremely quickly.
You need consume almost no food.
You are clumsy. (Dex -2)
Armour fits poorly on your strangely shaped body.
You can spit poison.


Message History

The wight is heavily damaged.
The wight hits you with a dagger.
You barely miss the wight.
The wight is heavily damaged.
The wight closely misses you.
You hit the wight.
The wight is heavily damaged.
The wight misses you.
You hit the wight.
The wight is severely damaged.
The wight hits you but does no damage.
You hit the wight.
The wight is almost destroyed.
The wight hits you with a dagger!
* * * LOW HITPOINT WARNING * * *
You feel drained.
You closely miss the wight.
The wight is almost destroyed.
The wight hits you with a dagger!
You die...

##...######
#####.....# # ####..#
# #..##♣♣♣## #
#.##..♣..## ##
##.#.......#
.######..#.......#
....##...#.[.....#
.........).#####@#
......#.)### #z#
#....####.## #z#
#....# ##.## #.######
##### .....#
##.####......##....##
..#(.#
#...##....z........#
####.#
##.....#####.......#
# #.# ##.####
#...(..## # ##.# ###
##.....#


You could see 2 wights.

Vanquished Creatures
  Eustachio (D:4)
  Edmund (D:4)
  2 ogres (D:7)
  A sky beast (D:7)
  2 centaurs
  A giant frog (D:6)
  Blork the orc (D:6)
  A big kobold (Sewer)
  A scorpion (D:6)
  A wight (D:6)
  A crimson imp (D:6)
  2 goliath beetles
  A jelly (D:6)
  2 orc priests
  2 hounds
  A giant frog skeleton (D:4)
  5 orc wizards
  5 worker ants
  A hound zombie (D:5)
  2 green rats
  6 adders
  2 giant mites
  3 worms
  An adder zombie (D:6)
  An iguana zombie (D:6)
  3 giant geckos
  An ooze (D:1)
  7 orcs
  3 ball pythons (D:5)
  12 bats
  7 giant cockroaches
  10 goblins
  14 hobgoblins
  5 jackals
  14 kobolds
  5 giant newts
  A hobgoblin zombie (D:6)
  4 quokkas
  A quokka zombie (D:6)
  16 rats
  A rat zombie (D:6)
151 creatures vanquished.

Notes
Turn   | Place    | Note
--------------------------------------------------------------
     0 | D:1      | CrazyArbalest, the Spriggan Enchanter, began the quest for the Orb.
     0 | D:1      | Reached XP level 1. HP: 9/9 MP: 4/4
    91 | D:1      | Reached XP level 2. HP: 11/13 MP: 7/7
   614 | D:1      | Reached skill level 5 in Stealth
   874 | D:1      | Reached XP level 3. HP: 14/16 MP: 9/9
  1751 | D:2      | Reached XP level 4. HP: 17/21 MP: 12/12
  1940 | D:2      | Reached skill level 1 in Fighting
  2772 | D:3      | Reached skill level 6 in Stealth
  2992 | D:3      | Found a glowing silver altar of Zin.
  3173 | D:4      | Noticed bullock's ghost (average DEWz)
  3196 | D:4      | Noticed Prince Ribbit
  3202 | D:4      | Learned a level 3 spell: Confuse
  3352 | D:4      | Reached XP level 5. HP: 22/25 MP: 14/14
  3366 | D:4      | Learned a level 2 spell: Sure Blade
  3445 | D:4      | Found a staircase to the Ecumenical Temple.
  3463 | Temple   | Entered the Ecumenical Temple
  3505 | Temple   | Became a worshipper of Dithmenos the Shadowed
  3551 | D:4      | Noticed Eustachio
  3658 | D:3      | Reached skill level 5 in Dodging
  3700 | D:4      | Found Wauluol's Food Shop.
  4108 | D:4      | Noticed a phantom
  4232 | D:4      | Noticed Edmund
  4262 | D:4      | Killed Edmund
  4262 | D:4      | Reached skill level 7 in Stealth
  4262 | D:4      | Reached XP level 6. HP: 21/30 MP: 17/17
  4411 | D:4      | Killed Eustachio
  4411 | D:4      | Reached XP level 7. HP: 19/35 MP: 18/20
  4627 | D:5      | Entered Level 5 of the Dungeon
  4646 | D:5      | Found a glowing golden altar of the Shining One.
  4725 | D:5      | Found a basalt altar of Yredelemnul.
  5160 | D:5      | Found a glowing drain.
  5186 | Sewer    | Entered a sewer
  5301 | Sewer    | Found a white marble altar of Elyvilon.
  5381 | D:5      | Reached skill level 8 in Dodging
  5580 | D:6      | Found a shimmering altar of Xom.
  5580 | D:6      | Found a shimmering altar of Xom.
  5596 | D:6      | Gained mutation: You are clumsy. (Dex -2) [potion of mutation]
  5596 | D:6      | Gained mutation: Armour fits poorly on your strangely shaped body. [potion of mutation]
  5596 | D:6      | Gained mutation: You can spit poison. [potion of mutation]
  5634 | D:6      | Found a shimmering altar of Xom.
  5636 | D:6      | Found a shimmering altar of Xom.
  5908 | D:6      | Noticed Blork the orc
  5929 | D:6      | Killed Blork the orc
  5929 | D:6      | Reached skill level 9 in Dodging
  6068 | D:6      | Acquired Dithmenos' first power
  6068 | D:6      | Reached XP level 8. HP: 24/39 MP: 21/21
  6669 | D:7      | Reached skill level 10 in Dodging
  7152 | D:7      | Learned a level 3 spell: Dazzling Spray
  7577 | D:7      | Slain by a wight

Action                   |  1- 3 |  4- 6 |  7- 9 || total
-------------------------+-------+-------+-------++-------
Melee: Dagger            |   202 |   225 |   303 ||   730
       Cutlass           |       |       |   119 ||   119
 Cast: Confuse           |       |     2 |     3 ||     5
       Sure Blade        |       |       |     1 ||     1
 Abil: Spit Poison       |       |       |     1 ||     1
Evoke: Wand              |       |       |     2 ||     2
  Use: Potion            |       |       |     2 ||     2
 Stab: Sleeping          |    16 |     6 |    14 ||    36
       Confused          |       |       |     3 ||     3
       Distracted        |       |       |     1 ||     1
  Eat: Fruit             |       |       |     3 ||     3
       Pizza             |       |       |     2 ||     2
